 Dungeon Crawl Stone Soup version 0.28-a0-1339-ga5422284a4 (webtiles) character file.

Game seed: 16717148605601068112

1124 ytrimaz the Insei (level 8, 0/52 HPs)
             Began as an Octopode Transmuter on Dec 29, 2021.
             Slain by a scorpion (14 damage)
             ... on level 4 of the Dungeon.
             The game lasted 00:08:10 (5247 turns).

ytrimaz the Insei (Octopode Transmuter)             Turns: 5247, Time: 00:08:11

Health: 0/52       AC:  2    Str:  7 (9)  XL:     8   Next: 35%
Magic:  10/13      EV: 23    Int: 15 (17) God:
Gold:   130        SH:  0    Dex: 23 (24) Spells: 10/16 levels left

rFire   . . .      SeeInvis .     - Unarmed
rCold   . . .      Faith    .   (shield currently unavailable)
rNeg    . . .      Spirit   .   (helmet currently unavailable)
rPois   x          Reflect  .   e - amulet of regeneration
rElec   .          Harm     .   b - +6 ring of dexterity
rCorr   .          Rampage  .   (no ring)
Will    .....                   (no ring)
Stlth   ++........              (no ring)
HPRegen 0.97/turn               (no ring)
MPRegen 0.13/turn               (no ring)
                                (no ring)
                                (no ring)

@: mighty, lethally poisoned (0 -> -3), spider-form, attractive, flying
A: venomous fangs, almost no armour, (amphibious), 8 rings, tiny, (camouflage
1), (gelatinous body 1), (nimble swimmer 1), (tentacles), low mp 1, (poison
resistance), wild magic 1
a: End Transformation


You were on level 4 of the Dungeon.
You were a venomous arachnid creature.
You visited 1 branch of the dungeon, and saw 4 of its levels.

You collected 130 gold pieces.

Inventory:

Armour
 o - an orb of mayhem (melded)
Jewellery
 b - a +6 ring of dexterity (left front leg)
 e - an amulet of regeneration (around neck)
 l - the amulet "Bygin" {Reflect rF+ SH+5}
   (You took it off a kobold on level 3 of the Dungeon)

   [amulet of reflection]

   It reflects blocked missile attacks.
   rF:        It protects you from fire.
   SH:        It affects your SH (+5).
Scrolls
 f - a scroll of amnesia
 g - a scroll of immolation
 h - 3 scrolls of teleportation
 m - a scroll of magic mapping
 p - a scroll of silence {unknown}
 q - a scroll of identify
Potions
 i - a potion of degeneration


   Skills:
 * Level 3.5 Fighting
 * Level 4.4 Dodging
 + Level 5.3 Unarmed Combat
 * Level 4.7 Spellcasting
 * Level 4.6 Transmutations
 + Level 1.3 Poison Magic


You had 10 spell levels left.
You knew the following spells:

 Your Spells              Type           Power      Damage    Failure   Level
a - Beastly Appendage     Tmut           44%        N/A       14%         1
b - Wereblood             Tmut           22%        N/A       17%         2
c - Spider Form           Tmut/Pois      16%        N/A       41%         3

Your spell library contained the following spells:

 Spells                   Type           Power      Damage    Failure   Level
 Gell's Gravitas          Tloc           4%         N/A       75%         3
 Teleport Other           Tloc           4%         N/A       75%         3
 Ice Form                 Ice/Tmut       13%        N/A       82%         4
 Dispersal                Tloc           2%         N/A       100%        6


Dungeon Overview and Level Annotations

Branches:
Dungeon (4/15)
 Temple: D:4-7

Altars:


Innate Abilities, Weirdness & Mutations

You are a venomous arachnid creature.
You have poisonous fangs.
You are tiny and dextrous.
Your spellcasting is less reliable in this form.
Your armour is entirely melded.
You are incapable of wielding weapons or throwing items.
You cannot wear most types of armour.
((You are amphibious.))
You can wear up to eight rings at the same time.
((Your skin changes colour to match your surroundings (Stealth+).))
((Your rubbery body absorbs attacks. (AC +1, EV +1)))
((You are camouflaged when in or above water. (Stealth+)))
((You have tentacles for arms and can constrict up to eight enemies at once.))
Your magical capacity is low. (-10% MP)
((Your system is resistant to poisons. (rPois)))
Your spells are a little harder to cast, but a little more powerful.


Message History

* * * LOW HITPOINT WARNING * * *
You feel extremely sick. The scorpion barely misses you.
The scorpion closely misses you.
Unknown command.
You feel much better.
You feel extremely sick. The scorpion completely misses you.
The scorpion closely misses you.
Unknown command.
It was a potion of degeneration.
There was something very wrong with that liquid.
You feel weakened.
You feel dopey.
You feel clumsy.
You feel very sick. The scorpion completely misses you.
Unknown command.
It was a potion of curing.
You feel better. The scorpion stings you!
You are poisoned.
The scorpion poisons you! The scorpion barely misses you.
Unknown command.
It was a potion of mutation.
You feel extremely strange.
You feel less energetic.
You feel less in control of your magic.
You feel resistant to poisons.
Your primal bloodlust has ended.
You feel very sick. The scorpion misses you. The scorpion barely misses you.
Unknown command.
It was a potion of might.
You feel very mighty all of a sudden.
You feel very sick. The scorpion closely misses you. The scorpion misses you.
Unknown command.
It was a potion of flight.
You feel very buoyant.
You fly up into the air.
You feel very sick. The scorpion closely misses you.
The scorpion completely misses you.
The scorpion refuses to make way for you. (Use ctrl+direction or * direction to attack.)
You hit the scorpion.
The scorpion is poisoned.
The scorpion is moderately wounded.
You feel very sick. The scorpion stings you!
You die...

#.# #......##.# #.#
#......##.# #.#
#########.# #.# ####
#.# #.# ##... #.####
###...#### .....#
###..$###).###
.....###....##^.)s..#
.....##.≈...#..#s##..#
.....#$..≈##..##$.# .#
.....#≈...#..##≈).≈#
....)#.≈≈.#8.#..##..#
.....#...≈#..#≈.[⌠.≈#
####.#†..≈#..#≈.>..≈#
#.#.≈≈.#8.#..##..#
#.#≈...#.[##≈..≈##
#.#...≈##..##..##


You could see a neutral scorpion (fast, strong, insane, very poisoned).

Vanquished Creatures
  Pikel (D:4)
  Sigmund (D:3)
  A centaur (D:4)
  A scorpion (D:4)
  An orc priest (D:3)
  Jessica (D:3)
  Natasha (twice) (D:2)
  A hound skeleton (D:4)
  Robin (D:2)
  2 gnolls (D:1)
  8 adders
  4 worms
  2 dart slugs
  9 orcs
  2 bats
  14 endoplasms
  4 giant cockroaches
  9 goblins
  8 hobgoblins
  4 jackals (D:2)
  6 kobolds
  5 quokkas
  5 ball pythons
  5 frilled lizards
  12 rats
109 creatures vanquished.

Vanquished Creatures (collateral kills)
  An endoplasm (D:4)
1 creature vanquished.

Grand Total: 110 creatures vanquished

Notes
Turn   | Place    | Note
-------+----------+-------------------------------------------
     0 | D:1      | ytrimaz the Octopode Transmuter began the quest for the
                  | Orb.
     0 | D:1      | Reached XP level 1. HP: 13/13 MP: 3/3
   321 | D:1      | Reached XP level 2. HP: 18/18 MP: 3/5
   787 | D:1      | Learned a level 2 spell: Wereblood
   793 | D:1      | Reached XP level 3. HP: 19/23 MP: 2/6
   797 | D:1      | Learned a level 3 spell: Spider Form
  1137 | D:1      | Found a faded altar of an unknown god.
  1972 | D:2      | Reached XP level 4. HP: 22/29 MP: 5/7
  2860 | D:2      | Noticed Robin
  2872 | D:2      | Killed Robin
  2877 | D:2      | Reached XP level 5. HP: 34/34 MP: 6/9
  2961 | D:2      | Noticed Natasha
  3016 | D:2      | Killed Natasha
  3264 | D:2      | Noticed Natasha
  3271 | D:2      | Killed Natasha
  3897 | D:3      | Reached XP level 6. HP: 39/39 MP: 8/10
  3919 | D:3      | Identified the amulet "Bygin" {Reflect rF+ SH+5}
  4005 | D:3      | Noticed Jessica
  4013 | D:3      | Killed Jessica
  4301 | D:3      | Reached skill level 4 in Unarmed Combat
  4439 | D:3      | Noticed Sigmund
  4458 | D:3      | Killed Sigmund
  4459 | D:3      | Reached XP level 7. HP: 35/45 MP: 9/12
  4817 | D:4      | Noticed Pikel
  4841 | D:4      | Killed Pikel
  4842 | D:4      | Reached skill level 5 in Unarmed Combat
  4842 | D:4      | Reached skill level 1 in Poison Magic
  4842 | D:4      | Reached XP level 8. HP: 41/52 MP: 9/14
  5244 | D:4      | Gained mutation: Your magical capacity is low. (-10% MP)
                  | [potion of mutation]
  5244 | D:4      | Gained mutation: Your spells are a little harder to cast,
                  | but a little more powerful. [potion of mutation]
  5244 | D:4      | Gained mutation: Your system is resistant to poisons.
                  | (rPois) [potion of mutation]
  5247 | D:4      | Slain by a scorpion

Illustrated notes

Levels and vault maps discovered:
D:1:      minmay_arrival_diagonal_passages, layout_basic,
          hellmonk_ecumenical_altar_crossroads
D:2:      layout_loops_corners, kennysheep_pointless_box,
          kennysheep_generic_room_15, uniq_natasha, uniq_robin
D:3:      minmay_recursive_quarters, layout_basic,
          amcnicky_mini_corridor_feature, grunt_decor_clamped, uniq_jessica,
          uniq_sigmund
D:4:      layout_basic, palyth_stone_intersect, nzn_random_ring, uniq_pikel

Skill      XL: |  1  2  3  4  5  6  7 |
---------------+----------------------+-----
Transmutations | 3 4 |  4.6
Fighting       | 2 3 |  3.5
Spellcasting   | 3 4 |  4.7
Dodging        | 3 4 |  4.4
Unarmed Combat | 4 5 |  5.3
Poison Magic   | 1 |  1.3

Action                   |  1- 3 |  4- 6 |  7- 9 || total
-------------------------+-------+-------+-------++-------
Melee: Unarmed           |    89 |   146 |    67 ||   302
       Constrict         |    19 |    27 |     4 ||    50
       Kick              |    12 |    28 |     3 ||    43
       Tentacles         |    13 |     8 |     2 ||    23
       Punch             |     1 |     2 |     1 ||     4
 Cast: Beastly Appendage |    18 |    16 |     4 ||    38
       Wereblood         |     1 |     3 |     2 ||     6
       Spider Form       |       |     8 |     9 ||    17
  Use: Scroll            |     3 |     5 |       ||     8
       Potion            |       |       |     8 ||     8
 Stab: Sleeping          |     3 |     7 |     2 ||    12
Armor: Skin              |     8 |     5 |     2 ||    15
Dodge: Dodged            |    42 |   101 |    94 ||   237

Table legend: (Time is in decaauts)
 A = Elapsed time spent in this place.
 B = Non-inter-level travel time spent in this place.
 C = Inter-level travel time spent in this place.
 D = Time resting spent in this place.
 E = Time spent auto-exploring this place.
 F = Levels seen in this place.
 G = Mean time per level.
                   A        B        C        D        E       F      G
               +--------+--------+--------+--------+--------+-----+--------+
         Total |   5234 |   5145 |     89 |    527 |   3660 |   4 | 1308.5 |
       Dungeon |   5234 |   5145 |     89 |    527 |   3660 |   4 | 1308.5 |
               +--------+--------+--------+--------+--------+-----+--------+

Top non-repeatable levels by time:
     D:1: 1874 daAuts
     D:2: 1760 daAuts
     D:3: 1177 daAuts
     D:4: 421 daAuts
